Map: 2000 Atmospheres LE

Players

Aidamer - Winner!

  • Race: Terran Terran

VOD

Have the link to the VOD?

Description

Time

  • Played on: Jan. 15, 2022, 8:26 a.m.
  • Length: 15:59
Show
View Real Time Build Order
Export as new Build Order

Aidamer Terran - Winner!

Build Orders:  

Get SALT Encoding   

  12  0:00  SCV  
  13  0:18  SCV  
  14  0:27  Supply Depot  
  14  0:45  SCV  
  15  0:59  Barracks  
  15  1:02  SCV  
  16  1:18  SCV  
  17  1:35  SCV  
  18  1:56  Command Center  
  18  2:18  SCV  
  19  2:21  Marine  
  20  2:40  SCV  
  20  2:46  Marine  
  22  2:54  Barracks  
  22  2:58  Supply Depot  
  22  3:11  Marine  
  23  3:34  SCV  
  24  3:44  Barracks  
  24  3:51  SCV  
  24  3:55  Barracks  
  25  4:01  Marine x2  
  25  4:08  SCV  
  26  4:10  SCV  
  28  4:25  SCV  
  28  4:26  Marine x2, SCV  
  32  4:51  Marine x2  
  34  5:01  SCV x2  
  34  5:05  Marine  
  34  5:06  Marine  
  38  5:16  Marine x2  
  38  5:18  SCV x2  
  42  5:30  Marine  
  42  5:31  Marine  
  42  5:32  Supply Depot  
  42  5:35  SCV x2  
  46  5:44  Marine  
  46  5:46  Marine  
  44  5:55  Marine x2, Command Center  
  46  6:09  SCV x2  
  48  6:26  SCV x2, Barracks  
  50  6:33  Barracks  
  50  6:38  Marine x2  
  50  6:39  Marine x2  
  54  6:50  Supply Depot  
  54  7:09  Supply Depot  
  54  7:20  Marine x3, SCV x2  
  59  7:35  Supply Depot  
  59  7:37  SCV x2  
  46  7:59  Marine x2  
  45  8:00  Marine x3  
  45  8:01  Marine  
  48  8:13  Supply Depot, Barracks  
  47  8:24  Marine x2  
  47  8:25  Marine x3  
  47  8:26  Marine  
  53  8:46  SCV  
  53  8:47  SCV x2  
  56  8:50  Marine  
  56  8:51  Marine x3  
  56  8:52  Marine  
  56  8:53  Marine  
  61  9:03  SCV  
  61  9:04  SCV  
  63  9:10  Barracks  
  63  9:15  Marine  
  63  9:16  Marine x3  
  63  9:17  Marine  
  68  9:27  SCV x3  
  68  9:29  Command Center  
  71  9:34  Marine  
  72  9:40  Marine  
  72  9:41  Marine x3  
  72  9:42  Marine  
  72  9:44  SCV x3  
  74  9:59  Marine  
  69  10:05  Marine x3  
  69  10:06  Marine x2  
  69  10:07  Marine  
  75  10:11  Barracks  
  75  10:24  Marine  
  70  10:30  Marine x2  
  70  10:32  Marine  
  70  10:33  Marine x4  
  77  10:49  Marine  
  78  10:55  Marine x2  
  78  10:57  Marine  
  78  10:58  Marine x2  
  78  10:59  Marine  
  83  11:00  Marine  
  84  11:10  Barracks  
  84  11:14  Marine  
  84  11:19  SCV x3  
  88  11:20  Marine x2  
  88  11:22  Marine x2  
  92  11:35  Marine x4  
  92  11:36  SCV x3  
  92  11:39  Marine  
  100  11:45  Marine x2  
  100  11:47  Marine x2  
  104  11:51  Barracks  
  104  11:53  SCV x3  
  73  12:00  Marine x4  
  107  12:04  Marine  
  105  12:10  Marine x2, SCV x2  
  105  12:13  Marine  
  105  12:17  Marine x2  
  101  12:24  Marine  
  101  12:25  Marine x3  
  101  12:29  Marine  
  102  12:35  Marine x2  
  102  12:38  Marine  
  103  12:41  Marine  
  103  12:42  Marine  
  103  12:49  Marine  
  106  12:50  Marine x3  
  106  12:54  Marine  
  106  12:56  Barracks  
  108  13:00  Marine x2  
  108  13:05  Marine  
  108  13:06  Marine x2  
  108  13:07  Marine  
  109  13:12  Supply Depot  
  109  13:14  Marine  
  109  13:15  Marine, Supply Depot  
  108  13:29  Orbital Command  
  106  13:30  Orbital Command x2  
  106  13:31  Orbital Command  
  106  13:35  Marine x2  
  106  13:36  Marine x3  
  111  14:01  Marine x3  
  111  14:02  Marine x5  
  111  14:03  Marine x3  
  111  14:07  Barracks  
  121  14:13  Marine  
  122  14:26  Marine  
  122  14:27  Marine x2  
  122  14:28  Marine x4  
  122  14:29  Marine x4  
  131  14:38  Marine  
  131  14:51  Marine  
  131  14:54  Marine  
  131  14:59  Barracks  
  132  15:03  Marine  
  132  15:04  Supply Depot  
  132  15:15  Barracks  
  132  15:29  Marine  
Tags
 
Add a new tag
Caveats
  • Supply blocks, unpowered buildings, or Contaminate may cause inaccurate times.
  • Supply counts are checked every 10 seconds.